 Seeded DCSS version 0.30-a0-799-g109b55a442 (webtiles) character file.

Game seed: 10942798838459882926 (custom seed)

242 hikkokomori the Trooper (level 6, 40/40 HPs)
             Began as a Gargoyle Monk on Feb 21, 2023.
             Was an Initiate of Yredelemnul.
             Got out of the dungeon alive.
             The game lasted 00:05:08 (2829 turns).

hikkokomori the Trooper (Gargoyle Monk)             Turns: 2829, Time: 00:05:09

Health: 40/40      AC:  8    Str: 14    XL:     6   Next: 9%
Magic:  9/9        EV: 17    Int: 16    God:    Yredelemnul [......]
Gold:   155        SH:  0    Dex: 12    Spells: 9/9 levels left

rFire   . . .      SeeInvis .    l - +7 hammer of the Bursting Seeker {venom, rElec rF+ Int-2}
rCold   + . .      Faith    .    (no shield)
rNeg    + . .      Spirit   .    b - +0 robe
rPois   ∞          Reflect  .    (no helmet)
rElec   +          Harm     .    m - +0 cloak
rCorr   .          Rampage  .    (no gloves)
Will    .....                    p - +0 pair of boots
Stlth   ++++                     (no amulet)
HPRegen 0.26/turn                d - +5 ring of evasion
MPRegen 0.11/turn                u - ring of Yredelemnul's Pride {Ice Int+5 Stlth+}

@: no status effects
A: sickness immunity, AC +4, negative energy resistance 1, electricity
resistance, torment resistance 1, petrification resistance
a: Renounce Religion, Recall Undead Harvest


You escaped.
You worshipped Yredelemnul.
Yredelemnul was noncommittal.
You visited 1 branch of the dungeon, and saw 4 of its levels.

You collected 155 gold pieces.

Inventory:

Hand Weapons
 a - a +0 mace
 l - the +7 hammer of the Bursting Seeker (weapon) {venom, rElec rF+ Int-2}
   (You found it on level 2 of the Dungeon)

   Int:       It affects your intelligence (-2).
   rF:        It protects you from fire.
   rElec:     It insulates you from electricity.
 s - a +2 dagger of electrocution
Missiles
 q - a throwing net (quivered)
Armour
 b - a +0 robe (worn)
 m - a +0 cloak (worn)
 p - a +0 pair of boots (worn)
Jewellery
 d - a +5 ring of evasion (left hand)
 u - the ring of Yredelemnul's Pride (right hand) {Ice Int+5 Stlth+}
   (You acquired it on level 3 of the Dungeon)

   [ring of ice]

   It enhances your ice magic.
   Int:       It affects your intelligence (+5).
   rF:        It makes you vulnerable to fire.
   rC:        It protects you from cold.
   Stlth:     It makes you more stealthy.
Scrolls
 e - 2 scrolls of immolation {unknown}
 i - 5 scrolls of identify {unknown}
 k - a scroll of teleportation {unknown}
 n - a scroll of fear {unknown}
 r - a scroll of magic mapping {unknown}
Potions
 c - a potion of ambrosia
 f - 2 potions of brilliance {unknown}
 g - a potion of attraction {unknown}
 h - 3 potions of degeneration {unknown}
 j - 3 potions of heal wounds {unknown}
 o - a potion of berserk rage {unknown}
 t - a potion of mutation {unknown}
 v - a potion of might {unknown}
 w - a potion of curing {unknown}


   Skills:
 + Level 5.1 Fighting
 + Level 0.5 Short Blades
 - Level 3.0 Maces & Flails
 - Level 2.4 Dodging
 + Level 4.8 Stealth
 - Level 2.1 Spellcasting


You had 9 spell levels left.
You didn't know any spells.
Your spell library was empty.

Dungeon Overview and Level Annotations

Branches:
Dungeon (4/15)
 Temple: D:4-7

Altars:
Cheibriados
Kikubaaqudgha
Wu Jian
Yredelemnul

Shops:
D:2 [(


Innate Abilities, Weirdness & Mutations

You are immune to sickness and miasma.
Your stone body is resilient. (AC +4)
You are immune to poison.
You resist negative energy. (rN+)
You are resistant to electric shocks. (rElec)
You are resistant to unholy torment.
You are immune to petrification.


Message History

Your body is wracked with pain!
It was a scroll of torment.
This is a scroll of acquirement!
Something appears at your feet!
u - the ring of Yredelemnul's Pride {Ice Int+5 Stlth+}
(D) Dungeon
Where to? (Enter - D:6, ? - help)
Okay, then.
Your library has no spells.
Your +2 dagger of electrocution stops crackling.
You feel stupid.
The +7 hammer of the Bursting Seeker {venom, rElec rF+ Int-2} begins to drip with poison!
l - the +7 hammer of the Bursting Seeker (weapon)
{venom, rElec rF+ Int-2} You feel more attuned to ice.
You feel clever.
u - the ring of Yredelemnul's Pride (right hand) {Ice Int+5 Stlth+}
(D) Dungeon
Where to? (Enter - D:6, ? - help)
What level of the Dungeon? (default 1, ? - help)
You swap places.
You swap places.
You swap places.
You swap places.
You swap places.
You swap places.
You swap places.
You swap places.
There is an open door here.
There is a stone staircase leading up here.
You climb upwards.
Your mindless puppet stays behind to rot.
There is a stone staircase leading down here.
There is an open door here.
There is a stone staircase leading up here.
You climb upwards.
There is a stone staircase leading down here.
There is an open door here.
There is a staircase leading out of the dungeon here.
You can't go down here!
Are you sure you want to leave the Dungeon?
This will make you lose the game!
You have escaped!

..# #....# #.#.....# #.# #.#
..## #....# #.#.###.# #.# #.#
..)# ###### #.#.# #.####[###.#
...##########.#.# #......##..#
...##...........# ########..##
...##.......#.##### #...##
...##.........#PPP# ##.###
.####........##~~~#####..#
..#########..+..@..+..#.##
#.##.........##♣.♣###...#
#..#.####....###'##...#####
##.#.......#.##..#..###≈≈≈###
##..##.....#.#.....##≈≈≈≈≈≈≈###
...........#...#####≈≈≈≈≈≈≈≈≈≈#
####.......#..## #≈≈≈≈≈≈≈ ≈≈#
###...>...#### #≈≈#####≈≈≈##
####..#.##.^..# #~#...#≈≈≈≈#


There were no monsters in sight!

Vanquished Creatures
  Crazy Yiuf (D:2)
  Jessica (D:2)
  Natasha (twice) (D:2)
  4 gnolls (D:2)
  4 adders
  A worm (D:2)
  2 dart slugs
  4 orcs (D:3)
  6 endoplasms
  2 giant cockroaches
  3 goblins (D:1)
  9 hobgoblins
  5 kobolds
  7 ball pythons
  A bat (D:1)
  2 frilled lizards
  5 rats
59 creatures vanquished.

Vanquished Creatures (collateral kills)
  An orc (D:3)
  A bat (D:3)
2 creatures vanquished.

Vanquished Creatures (others)
  An orc zombie (D:3)
  3 withered plants (D:3)
4 creatures vanquished.

Grand Total: 65 creatures vanquished

Notes
Turn   | Place    | Note
-------+----------+-------------------------------------------
     0 | D:1      | hikkokomori the Gargoyle Monk began the quest for the Orb.
     0 | D:1      | Reached XP level 1. HP: 14/14 MP: 1/1
    86 | D:1      | Found a faded altar of an unknown god.
   278 | D:1      | Reached XP level 2. HP: 19/19 MP: 2/2
   384 | D:1      | Reached skill level 4 in Fighting
   384 | D:1      | Reached XP level 3. HP: 7/24 MP: 3/3
   878 | D:2      | Identified the +2 hammer "Worm" {heavy, Str+4}
   884 | D:2      | Identified the +7 hammer of the Bursting Seeker {venom,
                  | rElec rF+ Int-2}
   889 | D:2      | Found a runed translucent door.
   890 | D:2      | Noticed Crazy Yiuf
   900 | D:2      | Killed Crazy Yiuf
   901 | D:2      | Reached XP level 4. HP: 14/30 MP: 0/5
  1012 | D:2      | Reached skill level 1 in Spellcasting
  1342 | D:2      | Noticed Jessica
  1344 | D:2      | Killed Jessica
  1381 | D:2      | Noticed Natasha
  1388 | D:2      | Killed Natasha
  1389 | D:2      | Reached XP level 5. HP: 30/34 MP: 7/7
  1531 | D:2      | Found Rodunyn's Armour Shop.
  1658 | D:2      | Found Irhax's Antique Weapon Boutique.
  1693 | D:2      | Noticed Natasha
  1719 | D:2      | Killed Natasha
  1720 | D:2      | Reached skill level 5 in Fighting
  1829 | D:3      | Found an ornate altar of the Wu Jian Council.
  1829 | D:3      | Found an ancient bone altar of Kikubaaqudgha.
  1830 | D:3      | Found a snail-covered altar of Cheibriados.
  2203 | D:3      | Found a basalt altar of Yredelemnul.
  2213 | D:3      | Became a worshipper of Yredelemnul the Dark
  2213 | D:3      | Reached * piety under Yredelemnul
  2213 | D:3      | Reached ** piety under Yredelemnul
  2318 | D:3      | Reached XP level 6. HP: 38/40 MP: 9/9
  2438 | D:3      | Reached *** piety under Yredelemnul
  2761 | D:3      | Identified a scroll of acquirement
  2761 | D:3      | Acquired the ring of Yredelemnul's Pride {Ice Int+5 Stlth+}
  2829 | D:$      | Got out of the dungeon alive.

Illustrated notes

Levels and vault maps discovered:
D:1:      tarquinn_simple_flora_water_e, layout_basic,
          nicolae_ecumenical_lake_church
D:2:      layout_basic, serial_shops, nicolae_shop_behind_doors,
          nicolae_lakefront_shop, uniq_natasha, uniq_jessica,
          uniq_crazy_yiuf_cottage
D:3:      layout_loops_corners, gammafunk_temple_overflow_forgotten,
          yredelemnul_altar_generic, minmay_liquid_box
D:4:      layout_rooms, nicolae_wooded_promenade, minmay_misc_feat_ornament,
          hangedman_glass_teeth, lightli_corner_chamber

Skill      XL: |  1  2  3  4  5 |
---------------+----------------+-----
Stealth        | 3 4 |  4.8
Fighting       | 4 5 |  5.1
Spellcasting   | 1 2 |  2.1
Short Blades   | |  0.5
Maces & Flails | |  3.0
Dodging        | |  2.4

Action                     |  1- 3 |  4- 6 || total
---------------------------+-------+-------++-------
  Melee: Mace              |   101 |    44 ||   145
         Punch             |     1 |       ||     1
         Dagger            |       |    29 ||    29
    Use: Scroll            |       |     2 ||     2
   Stab: Sleeping          |     4 |     8 ||    12
         Distracted        |     1 |       ||     1
 Armour: Robe              |    25 |    12 ||    37
  Dodge: Dodged            |   139 |    53 ||   192

Table legend: (Time is in decaauts)
 A = Elapsed time spent in this place.
 B = Non-inter-level travel time spent in this place.
 C = Inter-level travel time spent in this place.
 D = Time resting spent in this place.
 E = Time spent auto-exploring this place.
 F = Levels seen in this place.
 G = Mean time per level.
                   A        B        C        D        E       F      G
               +--------+--------+--------+--------+--------+-----+--------+
         Total |   2867 |   2616 |    251 |      0 |   2094 |   4 |  716.8 |
       Dungeon |   2867 |   2616 |    251 |      0 |   2094 |   4 |  716.8 |
               +--------+--------+--------+--------+--------+-----+--------+

Top non-repeatable levels by time:
     D:3: 1017 daAuts
     D:2: 1009 daAuts
     D:1: 838 daAuts
     D:4: 1 daAuts
